TOP OF THE 1ST |
Houston Marshals batting - Pitching for Kansas City Kings : RHP Robinson Alomar
|
Pitching: RHP Robinson Alomar
|
|
Batting: RHB Javier Rentería
|
0-0: Called Strike 0-1: Foul Ball, location: 2F 0-2: Ball 1-2: Ground out 6-3 (Groundball, 6)
|
Batting: RHB Esteban Lara
|
0-0: Ball 1-0: Ball 2-0: Foul Ball, location: 2F 2-1: Called Strike 2-2: Strikes out swinging
|
Batting: LHB José Rodríguez
|
0-0: Called Strike 0-1: Foul Ball, location: 2F 0-2: Ball 1-2: Ball 2-2: Ground out 6-3 (Groundball, 6M)
|
Top of the 1st over - 0 runs, 0 hits, 0 errors, 0 left on base; Houston 0 - Kansas City 0 |
BOTTOM OF THE 1ST |
Kansas City Kings batting - Pitching for Houston Marshals : RHP José Gonzáles
|
Pitching: RHP José Gonzáles
|
|
Batting: SHB Douglas Taylor
|
0-0: Foul Ball, location: 2F 0-1: Swinging Strike 0-2: Foul Ball, location: 2F 0-2: Fly out, F7 (Flyball, 78M)
|
Batting: RHB Chris Chandler
|
0-0: Ball 1-0: Ball 2-0: Fly out, F8 (Flyball, 8RXD)
|
Batting: RHB Toshimichi Kono
|
0-0: Called Strike 0-1: Ball 1-1: Called Strike 1-2: Strikes out swinging
|
Bottom of the 1st over - 0 runs, 0 hits, 0 errors, 0 left on base; Houston 0 - Kansas City 0 |
TOP OF THE 2ND |
Houston Marshals batting - Pitching for Kansas City Kings : RHP Robinson Alomar
|
Batting: SHB Juan Gómez
|
0-0: Foul Ball, location: 2F 0-1: DOUBLE (Line Drive, 78M)
|
Batting: LHB Guy Moss
|
0-0: Called Strike 0-1: Ball 1-1: Foul Ball, location: 2F 1-2: Foul Ball, location: 2F 1-2: Strikes out swinging
|
Batting: RHB Adrian Prouse
|
0-0: Ball 1-0: Foul Ball, location: 2F 1-1: Called Strike 1-2: Strikes out looking
|
Batting: LHB Matt Smith
|
0-0: Ball 1-0: Called Strike 1-1: Ground out 4-3 (Groundball, 4)
|
Top of the 2nd over - 0 runs, 1 hit, 0 errors, 1 left on base; Houston 0 - Kansas City 0 |
BOTTOM OF THE 2ND |
Kansas City Kings batting - Pitching for Houston Marshals : RHP José Gonzáles
|
Batting: RHB Dave Parker
|
0-0: DOUBLE (Flyball, 8RXD)
|
Batting: LHB Luis González
|
0-0: Ground out 6-3 (Groundball, 56D)
|
Batting: RHB Eduardo García
|
0-0: Ball 1-0: Fly out, F3 (Popup, 3SF)
|
Batting: RHB Cy Keynes
|
0-0: Called Strike 0-1: Ground out 6-3 (Groundball, 6)
|
Bottom of the 2nd over - 0 runs, 1 hit, 0 errors, 1 left on base; Houston 0 - Kansas City 0 |
TOP OF THE 3RD |
Houston Marshals batting - Pitching for Kansas City Kings : RHP Robinson Alomar
|
Batting: LHB Michael Cook
|
0-0: Called Strike 0-1: Ball 1-1: Ball 2-1: Ball 3-1: Foul Ball, location: 2F 3-2: Fly out, F7 (Flyball, 7)
|
Batting: RHB Michael Thomas
|
0-0: Ball 1-0: DOUBLE (Line Drive, 78XD)
|
Batting: RHB Javier Rentería
|
0-0: Ball 1-0: Called Strike 1-1: Called Strike 1-2: Foul Ball, location: 2F 1-2: Ground out 6-3 (Groundball, 6)
|
Batting: RHB Esteban Lara
|
0-0: Called Strike 0-1: Ground out U3 (Groundball, 3)
|
Top of the 3rd over - 0 runs, 1 hit, 0 errors, 1 left on base; Houston 0 - Kansas City 0 |
BOTTOM OF THE 3RD |
Kansas City Kings batting - Pitching for Houston Marshals : RHP José Gonzáles
|
Batting: RHB Rafael Carreón
|
0-0: Ball 1-0: Swinging Strike 1-1: Foul Ball, location: 2F 1-2: Foul Ball, location: 2F 1-2: Ball 2-2: Strikes out swinging
|
Batting: LHB Ron Crawford
|
0-0: Called Strike 0-1: Called Strike 0-2: Ground out 5-3 (Groundball, 56)
|
Batting: SHB Douglas Taylor
|
0-0: Ball 1-0: SINGLE (Line Drive, 4MD)
|
Batting: RHB Chris Chandler
|
0-0: Ball 1-0: Called Strike 1-1: Called Strike 1-2: Ball 2-2: Ball 3-2: SINGLE (Groundball, 5D) Douglas Taylor to second Douglas Taylor to third
|
Batting: RHB Toshimichi Kono
|
0-0: Called Strike Pickoff Throw to First - Out!
|
Bottom of the 3rd over - 0 runs, 2 hits, 0 errors, 1 left on base; Houston 0 - Kansas City 0 |
TOP OF THE 4TH |
Houston Marshals batting - Pitching for Kansas City Kings : RHP Robinson Alomar
|
Batting: LHB José Rodríguez
|
0-0: Called Strike 0-1: Ball 1-1: Ball 2-1: Fly out, F8 (Flyball, 8LM)
|
Batting: SHB Juan Gómez
|
0-0: Ball 1-0: Called Strike 1-1: Called Strike 1-2: Strikes out looking
|
Batting: LHB Guy Moss
|
0-0: Called Strike 0-1: Foul Ball, location: 2F 0-2: Ball 1-2: Ball 2-2: Foul Ball, location: 2F 2-2: Ball 3-2: Strikes out looking
|
Top of the 4th over - 0 runs, 0 hits, 0 errors, 0 left on base; Houston 0 - Kansas City 0 |
BOTTOM OF THE 4TH |
Kansas City Kings batting - Pitching for Houston Marshals : RHP José Gonzáles
|
Batting: RHB Toshimichi Kono
|
0-0: Foul Ball, location: 2F 0-1: Fly out, F9 (Line Drive, 9)
|
Batting: RHB Dave Parker
|
0-0: Swinging Strike 0-1: Foul Ball, location: 2F 0-2: Ball 1-2: Ball 2-2: SINGLE (Groundball, 56S) (infield hit)
|
Batting: LHB Luis González
|
0-0: Reached on error, E4 (Groundball, 4) Dave Parker to second
|
Batting: RHB Eduardo García
|
0-0: Foul Ball, location: 2F 0-1: Grounds into double play, 4-6-3 (Groundball, 4)
|
Bottom of the 4th over - 0 runs, 1 hit, 1 error, 1 left on base; Houston 0 - Kansas City 0 |
TOP OF THE 5TH |
Houston Marshals batting - Pitching for Kansas City Kings : RHP Robinson Alomar
|
Batting: RHB Adrian Prouse
|
0-0: Ball 1-0: Ball 2-0: Ball 3-0: Base on Balls
|
Batting: LHB Matt Smith
|
0-0: Called Strike 0-1: Swinging Strike 0-2: Ball Adrian Prouse steals 2nd base 1-2: Reached on error, E5 (Groundball, 5) Adrian Prouse to third
|
Batting: LHB Michael Cook
|
0-0: Foul Ball, location: 2F 0-1: SINGLE (Groundball, 6D) Adrian Prouse scores Matt Smith to second
|
Batting: RHB Michael Thomas
|
0-0: Foul Ball, location: 2F 0-1: Foul Ball, location: 2F 0-2: DOUBLE (Line Drive, 89XD) Matt Smith scores Michael Cook to third Runner from 3rd tries for Home, SAFE, no throw
|
Batting: RHB Javier Rentería
|
0-0: Ball 1-0: Ball 2-0: Ball 3-0: Called Strike 3-1: Fly out, F8 (Flyball, 78S)
|
Batting: RHB Esteban Lara
|
0-0: Called Strike 0-1: Called Strike 0-2: Ball 1-2: Foul Ball, location: 2F 1-2: Fly out, F9 (Flyball, 9S)
|
Batting: LHB José Rodríguez
|
0-0: Swinging Strike 0-1: 2-RUN HOME RUN (Flyball, 7LD), Distance : 371 ft
|
Batting: SHB Juan Gómez
|
0-0: Foul Ball, location: 2F 0-1: Ball 1-1: Foul Ball, location: 2F 1-2: Foul Ball, location: 2F 1-2: Ball 2-2: Ground out 4-3 (Groundball, 4)
|
Top of the 5th over - 5 runs, 3 hits, 1 error, 0 left on base; Houston 5 - Kansas City 0 |
BOTTOM OF THE 5TH |
Kansas City Kings batting - Pitching for Houston Marshals : RHP José Gonzáles
|
Batting: RHB Cy Keynes
|
0-0: DOUBLE (Line Drive, 7LD)
|
Batting: RHB Rafael Carreón
|
0-0: Swinging Strike 0-1: Ball 1-1: Foul Ball, location: 2F 1-2: Ball 2-2: Ball 3-2: Foul Ball, location: 2F 3-2: Strikes out looking
|
Batting: LHB Ron Crawford
|
0-0: Called Strike 0-1: Swinging Strike 0-2: Foul Ball, location: 2F 0-2: Strikes out looking
|
Batting: SHB Douglas Taylor
|
0-0: Called Strike 0-1: 2-RUN HOME RUN (Flyball, 89XD), Distance : 378 ft
|
Batting: RHB Chris Chandler
|
0-0: Called Strike 0-1: Ball 1-1: Called Strike 1-2: Ball 2-2: Ball 3-2: Strikes out swinging
|
Bottom of the 5th over - 2 runs, 2 hits, 0 errors, 0 left on base; Houston 5 - Kansas City 2 |
TOP OF THE 6TH |
Houston Marshals batting - Pitching for Kansas City Kings : RHP Robinson Alomar
|
Pitching: LHP Rob Lucas
|
|
Batting: LHB Guy Moss
|
0-0: Ball 1-0: SINGLE (Groundball, 4MD)
|
Batting: RHB Adrian Prouse
|
0-0: Swinging Strike 0-1: Foul Ball, location: 2F 0-2: Foul Ball, location: 2F 0-2: Strikes out swinging Guy Moss steals 2nd base Batter strikes out.
|
Batting: LHB Matt Smith
|
0-0: Ball Guy Moss is caught stealing 3rd base 1-0: Foul Ball, location: 2F 1-1: DOUBLE (Line Drive, 9LS)
|
Batting: LHB Michael Cook
|
0-0: Foul Ball, location: 2F 0-1: Ball 1-1: Foul Ball, location: 2F 1-2: Foul Ball, location: 2F 1-2: DOUBLE (Flyball, 89D) Matt Smith scores
|
Batting: RHB Michael Thomas
|
0-0: Ball 1-0: Ground out 5-3 (Groundball, 56S)
|
Top of the 6th over - 1 run, 3 hits, 0 errors, 1 left on base; Houston 6 - Kansas City 2 |
BOTTOM OF THE 6TH |
Kansas City Kings batting - Pitching for Houston Marshals : RHP José Gonzáles
|
Batting: RHB Toshimichi Kono
|
0-0: Called Strike 0-1: Ball 1-1: Fly out, F8 (Flyball, 8LD)
|
Batting: RHB Dave Parker
|
0-0: Ball 1-0: Foul Ball, location: 2F 1-1: Swinging Strike 1-2: Ball 2-2: Ball 3-2: Foul Ball, location: 2F 3-2: Ground out 4-3 (Groundball, 4)
|
Batting: LHB Luis González
|
0-0: Foul Ball, location: 2F 0-1: Ball 1-1: SINGLE (Flyball, 89S)
|
Batting: RHB Eduardo García
|
0-0: Fly out, F4 (Popup, 4M)
|
Bottom of the 6th over - 0 runs, 1 hit, 0 errors, 1 left on base; Houston 6 - Kansas City 2 |
TOP OF THE 7TH |
Houston Marshals batting - Pitching for Kansas City Kings : LHP Rob Lucas
|
Batting: RHB Javier Rentería
|
0-0: Called Strike 0-1: Swinging Strike 0-2: Ground out 5-3 (Groundball, 25)
|
Batting: RHB Esteban Lara
|
0-0: Foul Ball, location: 2F 0-1: Swinging Strike 0-2: Strikes out looking
|
Batting: LHB José Rodríguez
|
0-0: Ball 1-0: Called Strike 1-1: Swinging Strike 1-2: Strikes out swinging
|
Top of the 7th over - 0 runs, 0 hits, 0 errors, 0 left on base; Houston 6 - Kansas City 2 |
BOTTOM OF THE 7TH |
Kansas City Kings batting - Pitching for Houston Marshals : RHP José Gonzáles
|
Batting: RHB Cy Keynes
|
0-0: Called Strike 0-1: Foul Ball, location: 2F 0-2: SINGLE (Flyball, 8RS)
|
Pitching: RHP Cliff Wolfe
|
|
Batting: RHB Rafael Carreón
|
0-0: Ball 1-0: Swinging Strike 1-1: Ball 2-1: Foul Ball, location: 2F 2-2: Fly out, F7 (Flyball, 7LM)
|
Batting: LHB Ron Crawford
|
0-0: Called Strike 0-1: Called Strike 0-2: Ball 1-2: Ball 2-2: Ball 3-2: Base on Balls Cy Keynes to second
|
Batting: SHB Douglas Taylor
|
0-0: Ball 1-0: Fly out, F7 (Flyball, 7D) Runner from 2nd tags up, SAFE at 3rd, no throw
|
Batting: RHB Chris Chandler
|
0-0: Foul Ball, location: 2F 0-1: Ball 1-1: Fielders Choice at 2nd, 6-4 (Groundball, 6)
|
Bottom of the 7th over - 0 runs, 1 hit, 0 errors, 2 left on base; Houston 6 - Kansas City 2 |
TOP OF THE 8TH |
Houston Marshals batting - Pitching for Kansas City Kings : LHP Rob Lucas
|
Batting: SHB Juan Gómez
|
0-0: Called Strike 0-1: Ball 1-1: Swinging Strike 1-2: Foul Ball, location: 2F 1-2: Foul Ball, location: 2F 1-2: Foul Ball, location: 2F 1-2: Ball 2-2: DOUBLE (Flyball, 8RXD)
|
Batting: LHB Guy Moss
|
0-0: Ball 1-0: Ball 2-0: Ball 3-0: Called Strike 3-1: DOUBLE (Line Drive, 78XD) Juan Gómez scores
|
Batting: RHB Adrian Prouse
|
0-0: Ball 1-0: Ball 2-0: Called Strike 2-1: Ground out 4-3 (Groundball, 4) Guy Moss to third
|
Batting: LHB Matt Smith
|
0-0: Ball Wild Pitch! Guy Moss scores 1-0: Fly out, F4 (Line Drive, 4MD)
|
Batting: LHB Michael Cook
|
0-0: SINGLE (Flyball, 89S)
|
Batting: RHB Michael Thomas
|
0-0: Fly out, F8 (Flyball, 8LD)
|
Top of the 8th over - 2 runs, 3 hits, 0 errors, 1 left on base; Houston 8 - Kansas City 2 |
BOTTOM OF THE 8TH |
Kansas City Kings batting - Pitching for Houston Marshals : RHP Cliff Wolfe
|
Batting: RHB Toshimichi Kono
|
0-0: Called Strike 0-1: Called Strike 0-2: Ball 1-2: SINGLE (Line Drive, 89S)
|
Batting: RHB Dave Parker
|
0-0: Called Strike 0-1: Swinging Strike 0-2: Ball 1-2: Ball 2-2: Strikes out swinging
|
Batting: LHB Luis González
|
0-0: Foul Ball, location: 2F 0-1: Ball 1-1: Fly out, F8 (Flyball, 89M)
|
Batting: RHB Eduardo García
|
0-0: Called Strike 0-1: Swinging Strike 0-2: Fly out, F4 (Line Drive, 34D)
|
Bottom of the 8th over - 0 runs, 1 hit, 0 errors, 1 left on base; Houston 8 - Kansas City 2 |
TOP OF THE 9TH |
Houston Marshals batting - Pitching for Kansas City Kings : LHP Rob Lucas
|
Pitching: RHP Nick Parks
|
|
Batting: RHB Javier Rentería
|
0-0: Ball 1-0: Called Strike 1-1: Fly out, F6 (Line Drive, 6M)
|
Batting: RHB Esteban Lara
|
0-0: Foul Ball, location: 2F 0-1: Foul Ball, location: 2F 0-2: Foul Ball, location: 2F 0-2: Strikes out swinging
|
Batting: LHB José Rodríguez
|
0-0: Ball 1-0: SINGLE (Groundball, 4MD)
|
Batting: SHB Juan Gómez
|
0-0: Ball 1-0: Ball 2-0: Ball Wild Pitch! José Rodríguez to second 3-0: Called Strike 3-1: Called Strike 3-2: SINGLE (Line Drive, 78S) José Rodríguez to third José Rodríguez scores
|
Batting: LHB Guy Moss
|
0-0: Called Strike 0-1: Swinging Strike 0-2: Strikes out looking
|
Top of the 9th over - 1 run, 2 hits, 0 errors, 1 left on base; Houston 9 - Kansas City 2 |
BOTTOM OF THE 9TH |
Kansas City Kings batting - Pitching for Houston Marshals : RHP Cliff Wolfe
|
Batting: RHB Cy Keynes
|
0-0: Ball 1-0: Ball 2-0: SINGLE (Groundball, 6MD)
|
Batting: RHB Rafael Carreón
|
0-0: Ball 1-0: Ball 2-0: Ball 3-0: 2-RUN HOME RUN (Flyball, 7D), Distance : 363 ft
|
Batting: LHB Ron Crawford
|
0-0: Foul Ball, location: 2F 0-1: Called Strike 0-2: Ball 1-2: Ball 2-2: Fly out, F7 (Flyball, 78D)
|
Batting: SHB Douglas Taylor
|
0-0: Called Strike 0-1: Foul Ball, location: 2F 0-2: Ball 1-2: SINGLE (Flyball, 7LM)
|
Batting: RHB Chris Chandler
|
0-0: Called Strike 0-1: Called Strike 0-2: Ball 1-2: Grounds into double play, 6-4-3 (Groundball, 6)
|
Bottom of the 9th over - 2 runs, 3 hits, 0 errors, 0 left on base; Houston 9 - Kansas City 4 |
|